TOP OF THE 1ST |
John Jay HS Patriots batting - Pitching for Maris School : RHP Morgan Fox
|
Pitching: RHP Morgan Fox
|
|
Batting: SHB Theodore Cook
|
0-0: Called Strike 0-1: Ball 1-1: SINGLE (Groundball, 5D)
|
Batting: RHB Carlos Salas
|
0-0: Called Strike 0-1: Ball 1-1: Foul Ball, location: 2F 1-2: Strikes out swinging
|
Batting: RHB Esteban Concepción
|
0-0: Ball 1-0: Called Strike 1-1: Ball 2-1: Ball 3-1: Base on Balls Theodore Cook to second
|
Batting: RHB Micheal Banks
|
0-0: Ball 1-0: SINGLE (Groundball, 25) (infield hit) Theodore Cook to third Esteban Concepción to second
|
Batting: RHB Marlon Hernández
|
0-0: Ball 1-0: Called Strike 1-1: Swinging Strike 1-2: Foul Ball, location: 2F 1-2: Ball Single, Error in OF, E8, batter to second base Theodore Cook scores Esteban Concepción scores Micheal Banks to third
|
Batting: RHB Jason Taylor
|
0-0: Swinging Strike 0-1: Called Strike 0-2: Foul Ball, location: 2F 0-2: Ground out 5-3 (Groundball, 5)
|
Batting: RHB Robert Porter
|
0-0: Foul Ball, location: 2F 0-1: Called Strike 0-2: Ball 1-2: Ball 2-2: Strikes out swinging
|
Top of the 1st over - 2 run(s), 3 hit(s), 1 error(s), 2 left on base; John Jay HS 2 - Maris School 0 |
BOTTOM OF THE 1ST |
Maris School batting - Pitching for John Jay HS Patriots : RHP Paul Horning
|
Pitching: RHP Paul Horning
|
|
Batting: RHB Jason Ward
|
0-0: Ball 1-0: Called Strike 1-1: Called Strike 1-2: Hit by Pitch
|
Batting: RHB John Scammell
|
0-0: Called Strike 0-1: Ball 1-1: Ball 2-1: Called Strike 2-2: Ball 3-2: Strikes out swinging
|
Batting: RHB Dan Duckworth
|
0-0: Ball 1-0: 2-RUN HOME RUN (Flyball, 78XD), Distance : 432 ft
|
Batting: LHB Denny Poole
|
0-0: Called Strike 0-1: Ball 1-1: Foul Ball, location: 2F 1-2: Ball 2-2: Foul Ball, location: 2F 2-2: Ball 3-2: Fly out, F6 (Popup, 6S)
|
Batting: RHB Denis Miller
|
0-0: Ball 1-0: SINGLE (Groundball, 4M)
|
Batting: RHB Bruce Adams
|
0-0: Called Strike 0-1: Called Strike 0-2: Fly out, F6 (Popup, 6D)
|
Bottom of the 1st over - 2 run(s), 2 hit(s), 0 error(s), 1 left on base; John Jay HS 2 - Maris School 2 |
TOP OF THE 2ND |
John Jay HS Patriots batting - Pitching for Maris School : RHP Morgan Fox
|
Batting: LHB Tim Griffith
|
0-0: Ball 1-0: Swinging Strike 1-1: Swinging Strike 1-2: Ball 2-2: Ball 3-2: Strikes out swinging
|
Batting: SHB Karl Webster
|
0-0: Ball 1-0: Ball 2-0: Foul Ball, location: 2F 2-1: Called Strike 2-2: Ball 3-2: SINGLE (Groundball, 3D)
|
Batting: SHB Theodore Cook
|
0-0: Ball 1-0: Ball 2-0: Ball 3-0: Called Strike 3-1: Foul Ball, location: 2F 3-2: Base on Balls Karl Webster to second
|
Batting: RHB Carlos Salas
|
0-0: Ball 1-0: Ball 2-0: Called Strike 2-1: Ball 3-1: Base on Balls Karl Webster to third Theodore Cook to second
|
Batting: RHB Esteban Concepción
|
0-0: Ball 1-0: Ball 2-0: Called Strike 2-1: Foul Ball, location: 2F 2-2: Ball 3-2: Base on Balls Karl Webster scores Theodore Cook to third Carlos Salas to second
|
Batting: RHB Micheal Banks
|
0-0: Ball 1-0: Foul Ball, location: 2F 1-1: Swinging Strike 1-2: Foul Ball, location: 2F 1-2: Ball 2-2: Strikes out swinging
|
Batting: RHB Marlon Hernández
|
0-0: Ground out 1-3 (Groundball, 13S)
|
Top of the 2nd over - 1 run(s), 1 hit(s), 0 error(s), 3 left on base; John Jay HS 3 - Maris School 2 |
BOTTOM OF THE 2ND |
Maris School batting - Pitching for John Jay HS Patriots : RHP Paul Horning
|
Batting: RHB Marshall Normore
|
0-0: Swinging Strike 0-1: Swinging Strike 0-2: Strikes out looking
|
Batting: RHB Jared Chávez
|
0-0: Ground out 4-3 (Groundball, 4)
|
Batting: RHB Ed Jackson
|
0-0: Ball 1-0: DOUBLE (Flyball, 78M)
|
Batting: RHB Jason Ward
|
0-0: Foul Ball, location: 2F 0-1: Ground out 5-3 (Groundball, 56)
|
Bottom of the 2nd over - 0 run(s), 1 hit(s), 0 error(s), 1 left on base; John Jay HS 3 - Maris School 2 |
TOP OF THE 3RD |
John Jay HS Patriots batting - Pitching for Maris School : RHP Morgan Fox
|
Batting: RHB Jason Taylor
|
0-0: Called Strike 0-1: Ball 1-1: Fly out, F8 (Flyball, 8LM)
|
Batting: RHB Robert Porter
|
0-0: Swinging Strike 0-1: Ball 1-1: Ball 2-1: Called Strike 2-2: SINGLE (Flyball, 89S)
|
Batting: LHB Tim Griffith
|
0-0: Ball 1-0: Called Strike 1-1: Foul Ball, location: 2F 1-2: Foul Ball, location: 2F 1-2: Foul Ball, location: 2F 1-2: Foul Ball, location: 2F 1-2: Ball 2-2: Strikes out swinging
|
Pitching: RHP Jim Forrest
|
|
Batting: SHB Karl Webster
|
0-0: Called Strike Robert Porter is caught stealing 2nd base
|
Top of the 3rd over - 0 run(s), 1 hit(s), 0 error(s), 0 left on base; John Jay HS 3 - Maris School 2 |
BOTTOM OF THE 3RD |
Maris School batting - Pitching for John Jay HS Patriots : RHP Paul Horning
|
Batting: RHB John Scammell
|
0-0: Ball 1-0: Ball 2-0: Ball 3-0: Called Strike 3-1: Fly out, F8 (Flyball, 78M)
|
Batting: RHB Dan Duckworth
|
0-0: Called Strike 0-1: Hit by Pitch
|
Pinch Runner at 1st Wayne Scott:
|
|
Batting: LHB Denny Poole
|
0-0: Ball 1-0: Foul Ball, location: 2F 1-1: Foul Ball, location: 2F 1-2: Foul Ball, location: 2F 1-2: Hit by Pitch Wayne Scott to second
|
Batting: RHB Denis Miller
|
0-0: Ball 1-0: Called Strike 1-1: Ball 2-1: Ball 3-1: Foul Ball, location: 2F 3-2: Base on Balls Wayne Scott to third Denny Poole to second
|
Batting: RHB Bruce Adams
|
0-0: Ball 1-0: Foul Ball, location: 2F 1-1: SINGLE (Line Drive, 6MD) Wayne Scott scores Denny Poole to third Denis Miller to second
|
Batting: RHB Marshall Normore
|
0-0: DOUBLE (Line Drive, 9LM) Denny Poole scores Denis Miller scores Bruce Adams to third Runner from 3rd tries for Home, SAFE, throw made home
|
Batting: RHB Jared Chávez
|
0-0: Called Strike 0-1: SINGLE (Groundball, 6M) Marshall Normore to third Runner from 3rd tries for Home, SAFE, throw made home
|
Batting: RHB Ed Jackson
|
0-0: Foul Ball, location: 2F 0-1: Ball 1-1: Fly out, F9 (Flyball, 89M)
|
Batting: RHB Jason Ward
|
0-0: Ball 1-0: SINGLE (Flyball, 8LS) Jared Chávez to second
|
Batting: RHB John Scammell
|
0-0: Foul Ball, location: 2F 0-1: Swinging Strike 0-2: Strikes out swinging
|
Bottom of the 3rd over - 5 run(s), 4 hit(s), 0 error(s), 2 left on base; John Jay HS 3 - Maris School 7 |
TOP OF THE 4TH |
John Jay HS Patriots batting - Pitching for Maris School : RHP Jim Forrest
|
Now at 3B: Wayne Scott
|
|
Batting: SHB Karl Webster
|
0-0: Ball 1-0: Swinging Strike 1-1: Swinging Strike 1-2: Strikes out looking
|
Batting: SHB Theodore Cook
|
0-0: Ball 1-0: Called Strike 1-1: Ball 2-1: Called Strike 2-2: Ball 3-2: SINGLE (Flyball, 78M)
|
Batting: RHB Carlos Salas
|
0-0: Called Strike 0-1: Ball 1-1: Ball 2-1: Foul Ball, location: 2F 2-2: Strikes out swinging
|
Batting: RHB Esteban Concepción
|
0-0: Called Strike 0-1: Called Strike 0-2: Ball Theodore Cook steals 2nd base 1-2: Ball 2-2: SINGLE (Groundball, 5D) Theodore Cook to third Runner from 3rd tries for Home, SAFE, no throw or cutoff
|
Batting: RHB Micheal Banks
|
0-0: Swinging Strike 0-1: Ball 1-1: Ball 2-1: 2-RUN HOME RUN (Flyball, 7D), Distance : 404 ft
|
Batting: RHB Marlon Hernández
|
0-0: Called Strike 0-1: Swinging Strike 0-2: Ball 1-2: Foul Ball, location: 2F 1-2: Ball 2-2: Ground out 5-3 (Groundball, 56)
|
Top of the 4th over - 3 run(s), 3 hit(s), 0 error(s), 0 left on base; John Jay HS 6 - Maris School 7 |
BOTTOM OF THE 4TH |
Maris School batting - Pitching for John Jay HS Patriots : RHP Paul Horning
|
Pitching: RHP Dylan Chapman
|
|
Batting: RHB Wayne Scott
|
0-0: Ball 1-0: Ball 2-0: Called Strike 2-1: Ball 3-1: Base on Balls
|
Batting: LHB Denny Poole
|
0-0: Ball 1-0: 2-RUN HOME RUN (Flyball, 8RXD), Distance : 443 ft
|
Batting: RHB Denis Miller
|
0-0: Ground out 6-3 (Groundball, 6)
|
Batting: RHB Bruce Adams
|
0-0: Ball 1-0: SINGLE (Groundball, 34D)
|
Batting: RHB Marshall Normore
|
0-0: Ball 1-0: Ball 2-0: Ball 3-0: Base on Balls Bruce Adams to second
|
Batting: RHB Jared Chávez
|
0-0: Ball 1-0: Ball 2-0: Called Strike 2-1: Ball 3-1: Base on Balls Bruce Adams to third Marshall Normore to second
|
Batting: RHB Ed Jackson
|
0-0: Foul Ball, location: 2F 0-1: Foul Ball, location: 2F 0-2: SINGLE (Line Drive, 89S) Bruce Adams scores Marshall Normore to third Jared Chávez to second Runner from 3rd tries for Home, SAFE, throw made home Jared Chávez to third Ed Jackson to second
|
Batting: RHB Jason Ward
|
0-0: Called Strike 0-1: Called Strike 0-2: Strikes out swinging
|
Batting: RHB John Scammell
|
0-0: Called Strike 0-1: Foul Ball, location: 2F 0-2: Ball 1-2: Strikes out swinging
|
Bottom of the 4th over - 4 run(s), 3 hit(s), 0 error(s), 2 left on base; John Jay HS 6 - Maris School 11 |
TOP OF THE 5TH |
John Jay HS Patriots batting - Pitching for Maris School : RHP Jim Forrest
|
Batting: RHB Jason Taylor
|
0-0: Called Strike 0-1: Foul Ball, location: 2F 0-2: Fly out, F6 (Line Drive, 6)
|
Batting: RHB Robert Porter
|
0-0: Called Strike 0-1: Foul Ball, location: 2F 0-2: Ball 1-2: Ball 2-2: Ball 3-2: Base on Balls
|
Batting: LHB Tim Griffith
|
0-0: Called Strike 0-1: Ball 1-1: Reached on Error, E7 (Flyball, 78M) Robert Porter to second
|
Batting: SHB Karl Webster
|
0-0: Ball 1-0: Fly out, F8 (Flyball, 8RM)
|
Batting: SHB Theodore Cook
|
0-0: Ball 1-0: Called Strike 1-1: Ball 2-1: Ball 3-1: Base on Balls Robert Porter to third Tim Griffith to second
|
Pitching: RHP Ernest Elliott
|
|
Batting: RHB Carlos Salas
|
0-0: Ball 1-0: Ball 2-0: Called Strike 2-1: Ground out 4-3 (Groundball, 4)
|
Top of the 5th over - 0 run(s), 0 hit(s), 1 error(s), 3 left on base; John Jay HS 6 - Maris School 11 |
BOTTOM OF THE 5TH |
Maris School batting - Pitching for John Jay HS Patriots : RHP Dylan Chapman
|
Batting: RHB Wayne Scott
|
0-0: Called Strike 0-1: Swinging Strike 0-2: Ball 1-2: Foul Ball, location: 2F 1-2: Fly out, F9 (Flyball, 9M)
|
Batting: LHB Denny Poole
|
0-0: Ball 1-0: Foul Ball, location: 2F 1-1: Ball 2-1: Fly out, F7 (Flyball, 7LM)
|
Batting: RHB Denis Miller
|
0-0: Ball 1-0: Ball 2-0: Ball 3-0: Called Strike 3-1: Called Strike 3-2: Foul Ball, location: 2F 3-2: Base on Balls
|
Batting: RHB Bruce Adams
|
0-0: Called Strike 0-1: SINGLE (Groundball, 15S) (infield hit) Denis Miller to second
|
Batting: RHB Marshall Normore
|
0-0: Called Strike 0-1: Swinging Strike 0-2: Ball 1-2: Ball Wild Pitch! Denis Miller to third Bruce Adams to second 2-2: Foul Ball, location: 2F 2-2: Ball 3-2: Base on Balls
|
Pitching: RHP Evan Moore
|
|
Batting: RHB Jared Chávez
|
0-0: Called Strike 0-1: Foul Ball, location: 2F 0-2: Ball 1-2: Strikes out swinging
|
Bottom of the 5th over - 0 run(s), 1 hit(s), 0 error(s), 3 left on base; John Jay HS 6 - Maris School 11 |
TOP OF THE 6TH |
John Jay HS Patriots batting - Pitching for Maris School : RHP Ernest Elliott
|
Batting: RHB Esteban Concepción
|
0-0: Fly out, F8 (Line Drive, 8LM)
|
Batting: RHB Micheal Banks
|
0-0: Called Strike 0-1: Ball 1-1: Ball 2-1: Called Strike 2-2: Strikes out looking
|
Batting: RHB Marlon Hernández
|
0-0: Called Strike 0-1: Ball 1-1: Swinging Strike 1-2: Ball 2-2: Strikes out swinging
|
Top of the 6th over - 0 run(s), 0 hit(s), 0 error(s), 0 left on base; John Jay HS 6 - Maris School 11 |
BOTTOM OF THE 6TH |
Maris School batting - Pitching for John Jay HS Patriots : RHP Evan Moore
|
Batting: RHB Ed Jackson
|
0-0: Ball 1-0: Ball 2-0: Ball 3-0: Base on Balls
|
Batting: RHB Jason Ward
|
0-0: Foul Ball, location: 2F 0-1: Ball 1-1: Ball 2-1: Swinging Strike 2-2: Foul Ball, location: 2F 2-2: Ball 3-2: Base on Balls Ed Jackson to second
|
Batting: RHB John Scammell
|
0-0: Ball 1-0: Called Strike 1-1: Called Strike 1-2: Strikes out swinging
|
Batting: RHB Wayne Scott
|
0-0: Called Strike 0-1: Swinging Strike 0-2: Ball 1-2: Strikes out swinging
|
Batting: LHB Denny Poole
|
0-0: Foul Ball, location: 2F 0-1: 3-RUN HOME RUN (Flyball, 9LD), Distance : 367 ft
|
Batting: RHB Denis Miller
|
0-0: Ball 1-0: Ball 2-0: Ball 3-0: Base on Balls
|
Batting: RHB Bruce Adams
|
0-0: Called Strike 0-1: SINGLE (Groundball, 4MD) Denis Miller to second
|
Batting: RHB Marshall Normore
|
0-0: SINGLE (Line Drive, 34) Denis Miller to third Bruce Adams to second Runner from 3rd tries for Home, SAFE, no throw or cutoff
|
Pitching: RHP Stanley Benson
|
|
Batting: RHB Jared Chávez
|
0-0: Swinging Strike 0-1: Called Strike 0-2: Foul Ball, location: 2F 0-2: Ball 1-2: Foul Ball, location: 2F 1-2: Strikes out looking
|
Bottom of the 6th over - 4 run(s), 3 hit(s), 0 error(s), 2 left on base; John Jay HS 6 - Maris School 15 |
TOP OF THE 7TH |
John Jay HS Patriots batting - Pitching for Maris School : RHP Ernest Elliott
|
Batting: RHB Jason Taylor
|
0-0: Foul Ball, location: 2F 0-1: Ball 1-1: Ball 2-1: Foul Ball, location: 2F 2-2: Foul Ball, location: 2F 2-2: Ball 3-2: Ground out 6-3 (Groundball, 6)
|
Batting: RHB Robert Porter
|
0-0: Ball 1-0: Ground out 4-3 (Groundball, 34)
|
Batting: LHB Tim Griffith
|
0-0: Ball 1-0: Ball 2-0: Called Strike 2-1: Fly out, F6 (Popup, 7S)
|
Top of the 7th over - 0 run(s), 0 hit(s), 0 error(s), 0 left on base; John Jay HS 6 - Maris School 15 |
BOTTOM OF THE 7TH |
Maris School batting - Pitching for John Jay HS Patriots : RHP Stanley Benson
|
Batting: RHB Ed Jackson
|
0-0: Ball 1-0: Foul Ball, location: 2F 1-1: Foul Ball, location: 2F 1-2: Strikes out looking
|
Batting: RHB Jason Ward
|
0-0: Foul Ball, location: 2F 0-1: Fly out, F7 (Flyball, 7LM)
|
Batting: RHB John Scammell
|
0-0: Ball 1-0: Swinging Strike 1-1: Reached on error, E4 (Groundball, 4)
|
Batting: RHB Wayne Scott
|
0-0: Called Strike 0-1: Ball 1-1: Foul Ball, location: 2F 1-2: Strikes out swinging
|
Bottom of the 7th over - 0 run(s), 0 hit(s), 1 error(s), 1 left on base; John Jay HS 6 - Maris School 15 |
TOP OF THE 8TH |
John Jay HS Patriots batting - Pitching for Maris School : RHP Ernest Elliott
|
Pitching: LHP Anthony Lewis
|
|
Batting: SHB Karl Webster
|
0-0: Called Strike 0-1: Ground out 5-3 (Groundball, 56S)
|
Batting: SHB Theodore Cook
|
0-0: Called Strike 0-1: Foul Ball, location: 2F 0-2: SOLO HOME RUN (Flyball, 78XD), Distance : 434 ft
|
Batting: RHB Carlos Salas
|
0-0: Ground out 6-3 (Groundball, 6)
|
Batting: RHB Esteban Concepción
|
0-0: Ball 1-0: Ball 2-0: Foul Ball, location: 2F 2-1: Fly out, F8 (Line Drive, 8LM)
|
Top of the 8th over - 1 run(s), 1 hit(s), 0 error(s), 0 left on base; John Jay HS 7 - Maris School 15 |
BOTTOM OF THE 8TH |
Maris School batting - Pitching for John Jay HS Patriots : RHP Stanley Benson
|
Batting: LHB Denny Poole
|
0-0: Ball 1-0: Ball 2-0: Ball 3-0: Called Strike 3-1: Base on Balls
|
Batting: RHB Denis Miller
|
0-0: Foul Ball, location: 2F 0-1: Swinging Strike 0-2: Strikes out looking
|
Batting: RHB Bruce Adams
|
0-0: Foul Ball, location: 2F 0-1: Ball 1-1: Foul Ball, location: 2F 1-2: Ball Wild Pitch! Denny Poole to second 2-2: Ball 3-2: Foul Ball, location: 2F 3-2: Base on Balls
|
Batting: RHB Marshall Normore
|
0-0: Foul Ball, location: 2F 0-1: Swinging Strike 0-2: Ball 1-2: Ball 2-2: Foul Ball, location: 2F 2-2: Ball 3-2: Base on Balls Denny Poole to third Bruce Adams to second
|
Batting: RHB Jared Chávez
|
0-0: Ball 1-0: Foul Ball, location: 2F 1-1: Grounds into double play, 6-4-3 (Groundball, 6M)
|
Bottom of the 8th over - 0 run(s), 0 hit(s), 0 error(s), 2 left on base; John Jay HS 7 - Maris School 15 |
TOP OF THE 9TH |
John Jay HS Patriots batting - Pitching for Maris School : RHP Hugh Hale
|
Pitching: RHP Hugh Hale
|
|
Batting: RHB Micheal Banks
|
0-0: SOLO HOME RUN (Flyball, 78XD), Distance : 425 ft
|
Pitching: RHP Alonso Dupree
|
|
Batting: RHB Marlon Hernández
|
0-0: Foul Ball, location: 2F 0-1: Ground out 5-3 (Groundball, 5S)
|
Batting: RHB Jason Taylor
|
0-0: Ball 1-0: Ball 2-0: Called Strike 2-1: Called Strike 2-2: Strikes out swinging
|
Batting: RHB Robert Porter
|
0-0: Ball 1-0: Ball 2-0: Ball 3-0: Called Strike 3-1: Called Strike 3-2: Base on Balls
|
Batting: LHB Tim Griffith
|
0-0: Ball 1-0: Called Strike 1-1: Ball 2-1: Ball 3-1: Foul Ball, location: 2F 3-2: DOUBLE (Line Drive, 7LS) Robert Porter to third Robert Porter scores
|
Batting: SHB Karl Webster
|
0-0: Ball 1-0: Foul Ball, location: 2F 1-1: Ball 2-1: Foul Ball, location: 2F 2-2: Ball 3-2: Strikes out swinging
|
Top of the 9th over - 2 run(s), 2 hit(s), 0 error(s), 1 left on base; John Jay HS 9 - Maris School 15 |
|